 Dungeon Crawl Stone Soup version 0.26-b1-59-ge38874ec40 (webtiles) character file.

Game seed: 16858773959249919807

188865 ythm the Gnoll Aeon (level 18, -9/139 HPs)
             Began as a Gnoll Ice Elementalist on Jan 9, 2021.
             Was the Champion of Cheibriados.
             Killed by divine providence
             ... invoked by Saint Roka
              (13 damage)
             ... on level 2 of the Snake Pit.
             The game lasted 02:57:15 (21967 turns).

ythm the Gnoll Aeon (Gnoll Ice Elementalist)       Turns: 21967, Time: 02:57:15

Health: -9/139     AC: 30    Str: 31    XL:     18   Next: 11%
Magic:  14/43      EV: 21    Int: 40    God:    Cheibriados [******]
Gold:   922        SH: 15    Dex: 30    Spells: 9/42 levels left

rFire    + . .     SeeInvis .   X - +9 demon trident (elec)
rCold    . . .     Faith    .   o - +0 kite shield {reflect}
rNeg     . . .     Spirit   .   W - +8 chain mail of the Endless Expanse {rF+ Str+4}
rPois    +         Reflect  +   L - +2 hat
rElec    .         Harm     .   T - +1 cloak
rCorr    .         Rampage  .   (no gloves)
Will     +....                  d - +0 pair of boots
Stlth    +++.......             u - amulet of regeneration
HPRegen  0.73/turn              g - ring of magical power
MPRegen  0.28/turn              p - ring of poison resistance

@: icy armour, frozen ramparts, very slow
A: distributed training, fangs 1, strong nose
}: 1/15 runes: decaying
a: Renounce Religion, Bend Time, Temporal Distortion, Slouch, Step From Time


You were on level 2 of the Snake Pit.
You worshipped Cheibriados.
Cheibriados was exalted by your worship.
You visited 7 branches of the dungeon, and saw 31 of its levels.

You collected 3694 gold pieces.
You spent 2772 gold pieces at shops.

Inventory:

Hand Weapons
 i - the +5 broad axe of the Mushroom {vorpal, rF+ rN+ Will+}
   (You bought it in a shop on level 2 of the Orcish Mines)

   It inflicts extra damage upon your enemies.
   It protects you from fire.
   It protects you from negative energy.
   It affects your willpower, your defense against some magical effects.
 r - the +5 trident of Buple {freeze, Will++ Str+5 Dex-2}
   (You bought it in a shop on level 13 of the Dungeon)

   It has been specially enchanted to freeze those struck by it, causing extra
   injury to most foes and up to half again as much damage against particularly
   susceptible opponents.
   It can also slow down cold-blooded creatures.
   It affects your strength (+5).
   It affects your dexterity (-2).
   It affects your willpower, your defense against some magical effects.
 X - a +9 demon trident of electrocution (weapon)
Missiles
 s - 15 boomerangs of dispersal (quivered)
 A - 3 throwing nets
 N - 19 javelins
Armour
 d - a +0 pair of boots (worn)
 o - a +0 kite shield of reflection (worn)
 z - a scarf of shadows
 L - a +2 hat (worn)
 S - +0 acid dragon scales
 T - a +1 cloak (worn)
 W - the +8 chain mail of the Endless Expanse (worn) {rF+ Str+4}
   (You found it on level 3 of the Swamp)

   It affects your strength (+4).
   It protects you from fire.
 Y - +0 swamp dragon scales
Jewellery
 g - a ring of magical power (left hand)
 p - a ring of poison resistance (right hand)
 q - an uncursed ring of ice
 u - an amulet of regeneration (around neck)
 C - an uncursed ring of flight
 V - an uncursed ring of protection from fire
 Z - an uncursed ring of wizardry
Wands
 a - a wand of iceblast (3)
 c - a wand of enslavement (8)
 x - a wand of paralysis (8)
 K - a wand of acid (5)
 M - a wand of digging (6)
Scrolls
 b - 2 scrolls of blinking
 h - 6 scrolls of enchant armour
 j - 2 scrolls of fear
 l - 7 scrolls of magic mapping
 m - 12 scrolls of teleportation
 w - a scroll of fog
 B - 4 scrolls of amnesia
 D - 12 scrolls of remove curse
 H - 5 scrolls of enchant weapon
 O - 2 scrolls of immolation
 P - 7 scrolls of identify
Potions
 e - 4 potions of heal wounds
 k - 4 potions of resistance
 n - 4 potions of might
 t - 2 potions of mutation
 v - 2 potions of attraction
 y - a potion of magic
 E - 9 potions of curing
 I - 4 potions of invisibility
 J - 3 potions of brilliance
 Q - 2 potions of cancellation
 R - 2 potions of lignification
 U - a potion of ambrosia
Miscellaneous
 f - a condenser vane
 F - a lightning rod (4/4)
 G - a phantom mirror


   Skills:
 + Level 11.6 Fighting
 + Level 11.6 Short Blades
 + Level 11.6 Long Blades
 + Level 11.6 Axes
 + Level 11.6 Maces & Flails
 + Level 11.6 Polearms
 + Level 11.6 Staves
 + Level 11.6 Slings
 + Level 11.6 Bows
 + Level 11.6 Crossbows
 + Level 11.6 Throwing
 + Level 11.6 Armour
 + Level 12.4 Dodging
 + Level 12.3 Stealth
 + Level 11.6 Shields
 + Level 11.6 Unarmed Combat
 + Level 12.5 Spellcasting
 + Level 10.0 Conjurations
 + Level 10.0 Hexes
 + Level 10.0 Summonings
 + Level 10.0 Necromancy
 + Level 10.0 Translocations
 + Level 10.0 Transmutations
 + Level 10.0 Fire Magic
 + Level 12.0 Ice Magic
 + Level 10.0 Air Magic
 + Level 10.0 Earth Magic
 + Level 10.0 Poison Magic
 + Level 12.6 Invocations
 + Level 11.6 Evocations


You had 9 spell levels left.
You knew the following spells:

 Your Spells              Type           Power        Failure   Level
a - Freeze                Ice            100%         1%          1
b - Frozen Ramparts       Ice            100%         1%          3
c - Ozocubu's Armour      Ice            88%          1%          3
d - Hailstorm             Conj/Ice       85%          1%          4
e - Summon Ice Beast      Ice/Summ       85%          1%          4
f - Stone Arrow           Conj/Erth      100%         1%          3
g - Vampiric Draining     Necr           40%          1%          3
h - Apportation           Tloc           100%         1%          1
i - Statue Form           Tmut/Erth      54%          19%         6
j - Bolt of Magma         Conj/Fire/Erth 40%          3%          5

Your spell library contained the following spells:

 Spells                   Type           Power        Failure   Level
 Animate Skeleton         Necr           100%         1%          1
 Beastly Appendage        Tmut           100%         1%          1
 Corona                   Hex            90%          1%          1
 Pain                     Necr           100%         1%          1
 Sandblast                Erth           100%         1%          1
 Sting                    Tmut/Pois      100%         1%          1
 Summon Small Mammal      Summ           100%         1%          1
 Call Imp                 Summ           81%          1%          2
 Ensorcelled Hibernation  Hex/Ice        100%         1%          2
 Passwall                 Tmut/Erth      67%          1%          2
 Poisonous Vapours        Pois/Air       100%         1%          2
 Wereblood                Tmut           81%          1%          2
 Call Canine Familiar     Summ           81%          1%          3
 Confusing Touch          Hex            81%          1%          3
 Dazzling Flash           Conj/Hex       100%         1%          3
 Ignite Poison            Fire/Tmut/Pois 81%          1%          3
 Lesser Beckoning         Tloc           40%          1%          3
 Mephitic Cloud           Conj/Pois/Air  81%          1%          3
 Spider Form              Tmut/Pois      40%          1%          3
 Summon Guardian Golem    Hex/Summ       81%          1%          3
 Tukima's Dance           Hex            81%          1%          3
 Animate Dead             Necr           40%          1%          4
 Cause Fear               Hex            40%          1%          4
 Ice Form                 Ice/Tmut       85%          1%          4
 Leda's Liquefaction      Hex/Erth       40%          1%          4
 Olgreb's Toxic Radiance  Pois           81%          1%          4
 Petrify                  Tmut/Erth      81%          1%          4
 Summon Lightning Spire   Summ/Air       81%          1%          4
 Agony                    Necr           81%          3%          5
 Alistair's Intoxication  Tmut/Pois      54%          3%          5
 Blade Hands              Tmut           40%          3%          5
 Borgnjor's Vile Clutch   Necr/Erth      40%          3%          5
 Lee's Rapid Deconstruct  Erth           40%          3%          5
 Silence                  Hex/Air        40%          3%          5
 Summon Mana Viper        Hex/Summ       81%          3%          5
 Yara's Violent Unravell  Hex/Tmut       40%          3%          5
 Invisibility             Hex            81%          19%         6
 Iron Shot                Conj/Erth      40%          19%         6
 Discord                  Hex            40%          100%        8
 Shatter                  Erth           40%          100%        9


Dungeon Overview and Level Annotations

Branches:
Dungeon (15/15)            Temple (1/1) D:6            Lair (6/6) D:11
  Swamp (4/4) Lair:4        Snake (2/4) Lair:4        Slime (0/5) Lair:6
    Orc (2/2) D:9             Elf (0/3) Orc:2        Vaults (0/5) D:13
 Depths (1/5) D:15

Altars:
Cheibriados
Dithmenos
Elyvilon
Hepliaklqana
Kikubaaqudgha
Makhleb
Nemelex Xobeh
Okawaru
Qazlal
Trog
Uskayaw
Vehumet
Xom
Yredelemnul
Zin

Shops:
D:13 **(!*   Orc:2 }=((=   Snake:1 =

Annotations:
Swamp:2 1 runed translucent door, xfalz's ghost, journeyman GnSk
Snake:2 Saint Roka


Innate Abilities, Weirdness & Mutations

Your experience applies equally to all skills.
You have very sharp teeth.
Your uncanny sense of smell can sniff out nearby items.


Message History

Beogh smites you!
* * * LOW HITPOINT WARNING * * *
You can feel time thicken for a moment.
You kill the black mamba!
Cheibriados thoroughly appreciates the change of pace.
The wall freezes Saint Roka!
Saint Roka mumbles some strange prayers to Beogh against you.
Beogh smites you!
* * * LOW HITPOINT WARNING * * *
Unknown command.
Unknown command.
You can feel time thicken for a moment.
You kill the shock serpent!
Cheibriados thoroughly appreciates the change of pace.
The air sparks with electricity, shocking you!
* * * LOW HITPOINT WARNING * * *
The wall freezes Saint Roka.
Saint Roka invokes the aid of Beogh against you.
Beogh smites you!
You die...

...# ... ... .
#.# # ... #.#.#
....####.#.#####
................
.....).@<..#
#[..##)))...# #
#)..##..# #.†)o
..# #...) ...
###... ..>#
#.>.∆ .... ...[#
....


You could see Saint Roka.

Vanquished Creatures
  Mara (Swamp:4)
  A thorn hunter (Swamp:4)
  Donald (Snake:1)
  Gastronok (D:11)
  6 bunyips
  A fire dragon (Lair:6)
  An eleionoma (Swamp:4)
  2 vault guards (D:13)
  2 shambling mangroves
  Harold (D:8)
  2 rakshasas (D:15)
  3 ghost crabs (Swamp:3)
  18 hydras
  5 boulder beetles
  3 merfolk avatars (Swamp:1)
  Erolcha (D:9)
  An anaconda (Snake:1)
  A tengu warrior (D:15)
  A death yak (Lair:6)
  4 two-headed ogres
  Erica (D:8)
  6 alligators
  3 naga sharpshooters (Snake:1)
  4 orc high priests
  2 shock serpents
  Nergalle (D:11)
  A fire crab (shapeshifter) (D:15)
  2 goliath frogs
  A naga ritualist (Snake:1)
  A glowing orange brain (D:15)
  An unseen horror (D:11)
  11 swamp dragons
  5 bog bodies
  2 spriggan druids
  A lindwurm (Lair:6)
  A necromancer (Swamp:3)
  5 orc knights
  3 mana vipers (Snake:1)
  3 will-o-the-wisps
  3 orc sorcerers (Orc:2)
  A cyclops (D:13)
  3 oklob plants (Lair:4)
  10 elephants
  2 salamanders (Snake:1)
  4 ugly things
  3 manticores
  4 centaur zombies
  2 naga magi (Snake:1)
  18 black mambas
  3 molten gargoyles (Lair:6)
  2 gargoyles
  Joseph (D:8)
  8 cane toads
  A torpor snail (Lair:6)
  A rime drake (Lair:5)
  13 komodo dragons
  An efreet (D:15)
  2 kobold demonologists
  2 hydra zombies (Swamp:3)
  10 trolls
  3 polar bears
  4 tyrant leeches
  10 hornets
  4 blink frogs (Lair:6)
  An alligator zombie (Swamp:3)
  6 slime creatures (D:15)
  11 dream sheep
  2 shadows
  10 spriggans
  A vampire (D:12)
  36 yaks
  9 humans (D:13)
  5 wraiths
  6 wyverns
  2 vampire mosquitoes (D:15)
  7 basilisks
  A water elemental (D:15)
  A golden eye (shapeshifter) (D:15)
  3 steam dragons
  A tyrant leech zombie (Swamp:3)
  12 swamp worms
  Menkaure (D:5)
  6 wargs
  A soldier ant (D:13)
  An acid dragon (D:13)
  8 nagas
  4 hell hounds (Lair:6)
  8 water moccasins
  29 orc warriors
  3 swamp drakes (Swamp:4)
  2 ice beasts
  A black bear (shapeshifter) (D:13)
  3 black bears
  10 ogres
  3 sky beasts
  A phantom (D:10)
  4 centaurs
  7 wolves (Lair:4)
  Blork the orc (D:5)
  5 big kobolds
  14 bullfrogs
  A wyvern skeleton (D:14)
  6 scorpions
  3 killer bees (D:11)
  25 wights
  An electric eel (D:9)
  5 lava snakes (Lair:6)
  6 hounds
  2 quasits
  3 bullfrog zombies
  2 jellies (D:14)
  21 orc priests
  4 centaur skeletons
  5 iguanas
  26 orc wizards
  7 worker ants
  A killer bee zombie (D:5)
  A hound skeleton (D:7)
  6 adders
  7 gnolls
  A swamp drake zombie (Swamp:3)
  3 shadow imps
  4 white imps
  2 ufetubi
  An ooze (D:3)
  2 worms
  An adder skeleton (D:6)
  A dart slug (D:3)
  2 leopard geckos (D:6)
  101 orcs
  2 giant cockroaches
  3 goblins
  2 hobgoblins (D:1)
  7 jackals (D:10)
  3 quokkas
  A jackal skeleton (D:8)
  6 kobolds
  2 quokka skeletons (D:6)
  A rat (D:1)
728 creatures vanquished.

Vanquished Creatures (collateral kills)
  A thorn hunter (Swamp:3)
  An orc warlord (Orc:1)
  A bunyip (Swamp:2)
  An eleionoma (Swamp:2)
  Josephine (Snake:1)
  8 hydras
  A merfolk avatar (Swamp:1)
  A two-headed ogre (D:13)
  An orc high priest (Orc:2)
  A shock serpent (Snake:1)
  A goliath frog (Swamp:1)
  A deep troll (Orc:2)
  3 swamp dragons
  An orc knight (Orc:2)
  A tyrant leech (Swamp:3)
  2 hornets
  2 spriggans
  A wraith (Snake:1)
  A swamp worm (Swamp:1)
  2 swamp drakes (Swamp:4)
  An orc wizard (D:13)
33 creatures vanquished.

Vanquished Creatures (others)
  A hydra (Lair:6)
  A bloated husk (Swamp:2)
  A spriggan (Swamp:2)
  A human (D:13)
  A swamp worm (Swamp:3)
  A hell hound (Lair:6)
  An orc priest (Snake:2)
  2 orcs (D:13)
  4 bushes (Lair:6)
  14 foxfires
  46 fungi
  37 plants
110 creatures vanquished.

Grand Total: 871 creatures vanquished

Notes
Turn   | Place    | Note
-------+----------+-------------------------------------------
     0 | D:1      | ythm the Gnoll Ice Elementalist began the quest for the
                  | Orb.
     0 | D:1      | Reached XP level 1. HP: 13/13 MP: 6/6
   209 | D:2      | Reached XP level 2. HP: 18/20 MP: 4/7
   326 | D:2      | Reached skill level 5 in Spellcasting
   326 | D:2      | Reached XP level 3. HP: 25/25 MP: 5/9
   441 | D:3      | Found a shadowy altar of Dithmenos.
   609 | D:3      | Reached skill level 1 in Invocations
   809 | D:4      | Reached skill level 1 in Fighting
   809 | D:4      | Reached skill level 1 in Short Blades
   809 | D:4      | Reached skill level 1 in Long Blades
   809 | D:4      | Reached skill level 1 in Axes
   809 | D:4      | Reached skill level 1 in Maces & Flails
   809 | D:4      | Reached skill level 1 in Polearms
   809 | D:4      | Reached skill level 1 in Staves
   809 | D:4      | Reached skill level 1 in Slings
   809 | D:4      | Reached skill level 1 in Bows
   809 | D:4      | Reached skill level 1 in Crossbows
   809 | D:4      | Reached skill level 1 in Throwing
   809 | D:4      | Reached skill level 1 in Armour
   809 | D:4      | Reached skill level 1 in Shields
   809 | D:4      | Reached skill level 1 in Unarmed Combat
   809 | D:4      | Reached skill level 1 in Evocations
   809 | D:4      | Reached XP level 4. HP: 25/32 MP: 7/11
   812 | D:4      | Reached skill level 1 in Conjurations
   812 | D:4      | Reached skill level 1 in Hexes
   812 | D:4      | Reached skill level 1 in Summonings
   812 | D:4      | Reached skill level 1 in Necromancy
   812 | D:4      | Reached skill level 1 in Translocations
   812 | D:4      | Reached skill level 1 in Transmutations
   812 | D:4      | Reached skill level 1 in Fire Magic
   812 | D:4      | Reached skill level 1 in Air Magic
   812 | D:4      | Reached skill level 1 in Earth Magic
   812 | D:4      | Reached skill level 1 in Poison Magic
   844 | D:4      | Reached XP level 5. HP: 20/37 MP: 0/12
  1334 | D:5      | Entered Level 5 of the Dungeon
  1346 | D:5      | Noticed a black bear
  1355 | D:5      | Learned a level 3 spell: Frozen Ramparts
  1359 | D:5      | Learned a level 3 spell: Ozocubu's Armour
  1414 | D:5      | Killed a black bear
  1415 | D:5      | Reached XP level 6. HP: 39/44 MP: 8/14
  1436 | D:5      | Reached skill level 5 in Dodging
  1704 | D:5      | Noticed Menkaure
  1754 | D:5      | Reached XP level 7. HP: 44/50 MP: 8/15
  1826 | D:5      | Found a hide-covered altar of Uskayaw.
  2111 | D:6      | Found a staircase to the Ecumenical Temple.
  2203 | Temple   | Entered the Ecumenical Temple
  2222 | Temple   | Became a worshipper of Cheibriados the Contemplative
  2360 | D:6      | Reached skill level 5 in Stealth
  2858 | D:6      | Found a bloodstained altar of Trog.
  2906 | D:6      | Reached XP level 8. HP: 54/57 MP: 11/16
  2906 | D:6      | Reached * piety under Cheibriados
  3297 | D:5      | Found a radiant altar of Vehumet.
  3308 | D:5      | Noticed Blork the orc
  3318 | D:5      | Killed Blork the orc
  3325 | D:5      | Killed Menkaure
  3963 | D:7      | Reached ** piety under Cheibriados
  4181 | D:7      | Found a hazy altar of Hepliaklqana.
  4250 | D:7      | Reached XP level 9. HP: 62/65 MP: 13/18
  4337 | D:7      | Learned a level 4 spell: Hailstorm
  4342 | D:7      | Learned a level 4 spell: Summon Ice Beast
  4629 | D:8      | Reached *** piety under Cheibriados
  4938 | D:8      | Noticed Harold
  4957 | D:8      | Killed Harold
  4958 | D:8      | Reached skill level 5 in Invocations
  4958 | D:8      | Reached XP level 10. HP: 63/73 MP: 3/20
  5071 | D:8      | Noticed Erica
  5089 | D:8      | Killed Erica
  5090 | D:8      | Reached skill level 5 in Fighting
  5090 | D:8      | Reached skill level 5 in Short Blades
  5090 | D:8      | Reached skill level 5 in Long Blades
  5090 | D:8      | Reached skill level 5 in Axes
  5090 | D:8      | Reached skill level 5 in Maces & Flails
  5090 | D:8      | Reached skill level 5 in Polearms
  5090 | D:8      | Reached skill level 5 in Staves
  5090 | D:8      | Reached skill level 5 in Slings
  5090 | D:8      | Reached skill level 5 in Bows
  5090 | D:8      | Reached skill level 5 in Crossbows
  5090 | D:8      | Reached skill level 5 in Throwing
  5090 | D:8      | Reached skill level 5 in Armour
  5090 | D:8      | Reached skill level 5 in Shields
  5090 | D:8      | Reached skill level 5 in Unarmed Combat
  5090 | D:8      | Reached skill level 5 in Evocations
  5338 | D:8      | Noticed Joseph
  5351 | D:8      | Killed Joseph
  5452 | D:9      | Learned a level 1 spell: Pain
  5459 | D:9      | Learned a level 3 spell: Vampiric Draining
  5462 | D:9      | Learned a level 1 spell: Apportation
  5482 | D:9      | Noticed a gargoyle
  5692 | D:9      | Killed a gargoyle
  5717 | D:9      | Reached **** piety under Cheibriados
  5726 | D:10     | Entered Level 10 of the Dungeon
  5742 | D:9      | Found a stormy altar of Qazlal.
  5985 | D:10     | Found a white marble altar of Elyvilon.
  5990 | D:10     | Noticed a two-headed ogre
  6002 | D:10     | Killed a two-headed ogre
  6249 | D:10     | Got a crude morningstar
  6251 | D:10     | Identified the +5 morningstar "Run Nan" {vorpal, rPois rN+
                  | Dex-4} (You found it on level 10 of the Dungeon)
  6571 | D:11     | Reached XP level 11. HP: 76/81 MP: 20/22
  6603 | D:11     | Found a staircase to the Lair.
  6670 | D:11     | Noticed a two-headed ogre
  6677 | D:11     | Killed a two-headed ogre
  6678 | D:11     | Reached skill level 5 in Conjurations
  6678 | D:11     | Reached skill level 5 in Hexes
  6678 | D:11     | Reached skill level 5 in Summonings
  6678 | D:11     | Reached skill level 5 in Necromancy
  6678 | D:11     | Reached skill level 5 in Translocations
  6678 | D:11     | Reached skill level 5 in Transmutations
  6678 | D:11     | Reached skill level 5 in Fire Magic
  6678 | D:11     | Reached skill level 5 in Air Magic
  6678 | D:11     | Reached skill level 5 in Earth Magic
  6678 | D:11     | Reached skill level 5 in Poison Magic
  6912 | D:11     | Noticed Gastronok
  6925 | D:11     | Killed Gastronok
  6994 | D:11     | Noticed a brown ugly thing
  7003 | D:11     | Killed a brown ugly thing
  7078 | D:11     | Noticed Nergalle
  7124 | D:11     | Killed Nergalle
  7124 | D:11     | Reached ***** piety under Cheibriados
  7229 | D:11     | Noticed a boulder beetle
  7247 | D:11     | Killed a boulder beetle
  7444 | D:12     | Reached XP level 12. HP: 22/89 MP: 13/24
  7778 | Lair:1   | Entered Level 1 of the Lair of Beasts
  9042 | Lair:3   | You fall into a shaft and drop 3 floors!
  9042 | Lair:6   | Entered Level 6 of the Lair of Beasts
  9598 | Lair:6   | Noticed a six-headed hydra
  9609 | Lair:6   | Noticed a four-headed hydra
  9610 | Lair:6   | Killed a six-headed hydra
  9616 | Lair:6   | Killed a four-headed hydra
  9646 | Lair:6   | Noticed a four-headed hydra
  9664 | Lair:6   | Killed a four-headed hydra
  9691 | Lair:6   | Reached XP level 13. HP: 82/98 MP: 24/26
 10063 | Lair:6   | Found a staircase to the Slime Pits.
 10559 | Lair:6   | Reached ****** piety under Cheibriados
 10714 | Lair:6   | Reached skill level 10 in Ice Magic
 10986 | Lair:4   | Found a staircase to the Swamp.
 10998 | Lair:4   | Found a staircase to the Snake Pit.
 11424 | Lair:4   | Learned a level 3 spell: Stone Arrow
 11632 | Lair:4   | Reached skill level 10 in Spellcasting
 12072 | Lair:5   | Reached XP level 14. HP: 76/106 MP: 28/28
 12078 | Lair:5   | Reached skill level 10 in Dodging
 12582 | Lair:6   | Found a large runed translucent door.
 12681 | Lair:6   | Found a large runed translucent door.
 13359 | D:11     | Reached skill level 10 in Stealth
 13554 | D:12     | Got a smoking glaive
 13560 | D:12     | Identified the +4 glaive of Earthquakes {vorpal, rF++
                  | Dex+3} (You found it on level 12 of the Dungeon)
 13599 | D:13     | Found Horuc's General Store.
 13847 | D:12     | Reached skill level 10 in Invocations
 13869 | D:13     | Found Cinali Reolo's Distillery.
 13891 | D:13     | Found Gaummus's Assorted Antiques.
 13901 | D:13     | Bought a runed broad axe for 224 gold pieces
 14175 | D:13     | Found Qyuhinep's Weapon Shop.
 14192 | D:13     | Bought the +5 trident of Buple {freeze, Will++ Str+5 Dex-2}
                  | for 530 gold pieces
 14205 | D:13     | Found Zeitaonn's Assorted Antiques.
 14257 | D:13     | Identified a scroll of acquirement
 14257 | D:13     | Acquired 839 gold pieces
 14265 | D:13     | Bought a scroll labelled TUNAZO ZUH ULE for 33 gold pieces
 14368 | D:13     | Found a gate to the Vaults.
 14501 | D:13     | Bought a potion of resistance for 170 gold pieces
 14501 | D:13     | Bought a potion of experience for 850 gold pieces
 14501 | D:13     | Bought a potion of heal wounds for 85 gold pieces
 14501 | D:13     | Bought 2 potions of might for 136 gold pieces
 14505 | D:13     | Reached XP level 15. HP: 115/115 MP: 29/29
 14695 | D:9      | Noticed Erolcha
 14696 | D:9      | Found a staircase to the Orcish Mines.
 14707 | D:9      | Killed Erolcha
 14791 | Orc:1    | Entered Level 1 of the Orcish Mines
 14795 | Orc:1    | Noticed an orc warlord
 14821 | Orc:1    | Killed an orc warlord
 15001 | Orc:2    | Entered Level 2 of the Orcish Mines
 15184 | Orc:2    | Found Tuweable's Gadget Boutique.
 15219 | Orc:2    | Found a staircase to the Elven Halls.
 15675 | Orc:2    | Reached skill level 10 in Fighting
 15675 | Orc:2    | Reached skill level 10 in Short Blades
 15675 | Orc:2    | Reached skill level 10 in Long Blades
 15675 | Orc:2    | Reached skill level 10 in Axes
 15675 | Orc:2    | Reached skill level 10 in Maces & Flails
 15675 | Orc:2    | Reached skill level 10 in Polearms
 15675 | Orc:2    | Reached skill level 10 in Staves
 15675 | Orc:2    | Reached skill level 10 in Slings
 15675 | Orc:2    | Reached skill level 10 in Bows
 15675 | Orc:2    | Reached skill level 10 in Crossbows
 15675 | Orc:2    | Reached skill level 10 in Throwing
 15675 | Orc:2    | Reached skill level 10 in Armour
 15675 | Orc:2    | Reached skill level 10 in Shields
 15675 | Orc:2    | Reached skill level 10 in Unarmed Combat
 15675 | Orc:2    | Reached skill level 10 in Evocations
 15675 | Orc:2    | Reached XP level 16. HP: 112/122 MP: 29/31
 16006 | Orc:2    | Found Uvezuzoz's Jewellery Emporium.
 16006 | Orc:2    | Found Qoesesim's Antique Weapon Boutique.
 16008 | Orc:2    | Found Saosaro's Weapon Emporium.
 16008 | Orc:2    | Found Joeptui's Jewellery Boutique.
 16023 | Orc:2    | Bought a smouldering broad axe for 324 gold pieces
 16027 | Orc:2    | Identified the +5 broad axe of the Mushroom {vorpal, rF+
                  | rN+ Will+} (You bought it in a shop on level 2 of the
                  | Orcish Mines)
 16479 | Snake:1  | Entered Level 1 of the Snake Pit
 16574 | Snake:1  | Noticed Donald
 16589 | Snake:1  | Killed Donald
 16666 | Snake:1  | Noticed Josephine
 16673 | Snake:1  | Killed Josephine
 16786 | Swamp:1  | Entered Level 1 of the Swamp
 17148 | Orc:2    | Bought a lightning rod (4/4) for 420 gold pieces
 17849 | D:15     | Entered Level 15 of the Dungeon
 18404 | D:15     | Found a staircase to the Depths.
 18426 | Depths:1 | Entered Level 1 of the Depths
 18949 | Swamp:1  | HP: 1/124 [drowned by a drowned soul[a merfolk avatar] (9)]
 19356 | Swamp:2  | Identified the Reference Book on Supportive Earth
 19365 | Swamp:2  | Learned a level 6 spell: Statue Form
 19559 | Swamp:2  | Reached XP level 17. HP: 130/130 MP: 30/32
 19678 | Swamp:2  | Found a runed translucent door.
 19685 | Swamp:2  | Noticed xfalz's ghost (journeyman GnSk)
 19685 | Swamp:2  | Identified the +0 spear of Beogh's Generosity {vorpal,
                  | rN++}
 19784 | Swamp:2  | Learned a level 5 spell: Bolt of Magma
 20023 | Swamp:3  | Got an encrusted chain mail
 20034 | Swamp:3  | Identified the +8 chain mail of the Endless Expanse {rF+
                  | Str+4} (You found it on level 3 of the Swamp)
 20295 | Swamp:4  | Entered Level 4 of the Swamp
 20589 | Swamp:4  | Found an ancient bone altar of Kikubaaqudgha.
 20817 | Swamp:4  | Noticed Mara
 20843 | Swamp:4  | Killed Mara
 21501 | Swamp:4  | Got a decaying rune of Zot
 21659 | Lair:4   | Reached XP level 18. HP: 73/138 MP: 31/34
 21889 | Snake:1  | Found Zuwkibboi's Jewellery Shop.
 21955 | Snake:1  | Reached skill level 10 in Conjurations
 21955 | Snake:1  | Reached skill level 10 in Hexes
 21955 | Snake:1  | Reached skill level 10 in Summonings
 21955 | Snake:1  | Reached skill level 10 in Necromancy
 21955 | Snake:1  | Reached skill level 10 in Translocations
 21955 | Snake:1  | Reached skill level 10 in Transmutations
 21955 | Snake:1  | Reached skill level 10 in Fire Magic
 21955 | Snake:1  | Reached skill level 10 in Air Magic
 21955 | Snake:1  | Reached skill level 10 in Earth Magic
 21955 | Snake:1  | Reached skill level 10 in Poison Magic
 21959 | Snake:2  | Noticed Saint Roka
 21967 | Snake:2  | HP: 3/139 [something (5)]
 21967 | Snake:2  | Killed from afar by Saint Roka

Illustrated notes

Levels and vault maps discovered:
D:1:      dpeg_cavernosity, layout_basic, minmay_tromino_v4_b
D:2:      layout_basic, uniq_crazy_yiuf_cottage, uniq_sigmund
D:3:      layout_basic, tso_metal_star, eino_tiny_chamber,
          nicolae_dithmenos_through_a_glass_darkly
D:4:      layout_gridville
D:5:      lemuel_ratsnest, layout_basic, fiery_altar_vehumet,
          eat_drink_and_be_merry_uskayaw, serial_bayou, serial_bayou_pond_d,
          serial_bayou_shore_b, serial_bayou_shore_b, serial_bayou_pond_d,
          grunt_decor_junction, minmay_misc_feat_more_columns,
          serial_bayou_crossing, uniq_blork_the_orc, uniq_menkaure
D:6:      minmay_bubble_buster, layout_basic, old_standard_altar,
          minmay_temple_entry_tees, nrook_loot_triangle
D:7:      layout_cave_pools, nzn_hepliaklqana_mist_gate, minmay_puff
D:8:      layout_basic, uniq_joseph, uniq_harold, uniq_erica
D:9:      minmay_four_partial_circles, layout_basic, overflow_temple_1_default,
          amcnicky_mini_pool_medium, uniq_erolcha, uniq_grum
D:10:     layout_gridville, elyvilon_altar_1
D:11:     layout_irregular_city, david_lair_generic, serial_shops,
          nicolae_shop_behind_doors, uniq_nergalle, uniq_gastronok
D:12:     layout_basic
D:13:     layout_cave_pods, ximxim_vaults_locker_room, serial_shops, shop,
          shop_fountains, shop, nicolae_shop_behind_doors, shop
D:14:     layout_irregular_city, kennysheep_nondescript, hex_tiny
D:15:     gammafunk_enter_depths_forms, layout_rooms,
          hangedman_decor_diamond_cutter
Temple:   eino_temple_scatter_basement
Lair:1:   layout_gridlike
Lair:2:   layout_long_grid
Lair:3:   layout_misc_corridors, forest_entry_grove
Lair:4:   layout_hall_layers, minmay_swamp_entry_wisps,
          minmay_snake_entry_guardpost_small, minmay_lair_oklob_chamber,
          lemuel_fruit_tree, grunt_megastairs_1
Lair:5:   layout_gridlike, lemuel_another_geyser
Lair:6:   cheibrodos_lair_end_hotspot, layout_gridlike, slime_dummy
Swamp:1:  layout_falls_marsh, lemuel_altar_in_water, swamp_pool4,
          nicolae_swamp_godswood, grunt_lady_of_the_lake
Swamp:2:  layout_falls_marsh, ebering_ghost_funeral_grove, serial_swamp_ruin,
          evilmike_swamp_ruin_wall, hangedman_swamp_ruin_hall
Swamp:3:  layout_basic_swamp, hangedman_swamp_lotus, swamp_pool2,
          nicolae_swamp_necromancer_hut
Swamp:4:  swamp, layout_basic_swamp, swamp_pool4, grunt_ruined_hall, uniq_mara
Snake:1:  layout_onion, serial_shops, shop, uniq_donald, uniq_josephine
Snake:2:  layout_misc_corridors, special_room, eino_curves_02, uniq_frances,
          uniq_saint_roka
Orc:1:    layout_caves
Orc:2:    grunt_orc_tribal_feast, layout_diamond_mine, guppyfry_orc_lava_fort
Depths:1: layout_cave_pools, grunt_hell_entry_dis_mu, pandoras_box_mu

Skill      XL: |  1  2  3  4  5  6  7  8  9 10 11 12 13 14 15 16 17 18 |
---------------+-------------------------------------------------------+-----
Spellcasting   | 5 6 7 8 9 10 11 12 | 12.5
Invocations    | 1 2 3 4 5 6 7 8 9 10 11 12 | 12.6
Fighting       | 1 2 3 4 5 6 7 8 9 10 11 | 11.6
Short Blades   | 1 2 3 4 5 6 7 8 9 10 11 | 11.6
Long Blades    | 1 2 3 4 5 6 7 8 9 10 11 | 11.6
Axes           | 1 2 3 4 5 6 7 8 9 10 11 | 11.6
Maces & Flails | 1 2 3 4 5 6 7 8 9 10 11 | 11.6
Polearms       | 1 2 3 4 5 6 7 8 9 10 11 | 11.6
Staves         | 1 2 3 4 5 6 7 8 9 10 11 | 11.6
Slings         | 1 2 3 4 5 6 7 8 9 10 11 | 11.6
Bows           | 1 2 3 4 5 6 7 8 9 10 11 | 11.6
Crossbows      | 1 2 3 4 5 6 7 8 9 10 11 | 11.6
Throwing       | 1 2 3 4 5 6 7 8 9 10 11 | 11.6
Armour         | 1 2 3 4 5 6 7 8 9 10 11 | 11.6
Shields        | 1 2 3 4 5 6 7 8 9 10 11 | 11.6
Unarmed Combat | 1 2 3 4 5 6 7 8 9 10 11 | 11.6
Evocations     | 1 2 3 4 5 6 7 8 9 10 11 | 11.6
Conjurations   | 1 2 3 4 5 6 7 8 9 10 | 10.0
Hexes          | 1 2 3 4 5 6 7 8 9 10 | 10.0
Summonings     | 1 2 3 4 5 6 7 8 9 10 | 10.0
Necromancy     | 1 2 3 4 5 6 7 8 9 10 | 10.0
Translocations | 1 2 3 4 5 6 7 8 9 10 | 10.0
Transmutations | 1 2 3 4 5 6 7 8 9 10 | 10.0
Fire Magic     | 1 2 3 4 5 6 7 8 9 10 | 10.0
Air Magic      | 1 2 3 4 5 6 7 8 9 10 | 10.0
Earth Magic    | 1 2 3 4 5 6 7 8 9 10 | 10.0
Poison Magic   | 1 2 3 4 5 6 7 8 9 10 | 10.0
Dodging        | 5 6 7 8 9 10 11 12 | 12.4
Stealth        | 5 6 7 8 9 10 11 12 | 12.3
Ice Magic      | 8 9 10 11 12 | 12.0

Action                   |  1- 3 |  4- 6 |  7- 9 | 10-12 | 13-15 | 16-18 || total
-------------------------+-------+-------+-------+-------+-------+-------++-------
Melee: Dagger            |     1 |       |       |       |       |       ||     1
       Mace              |       |    15 |       |       |       |       ||    15
       Bite              |       |     2 |    35 |    39 |    80 |   129 ||   285
       Trident           |       |     1 |   124 |   106 |    66 |    81 ||   378
       Falchion          |       |       |    77 |       |       |       ||    77
       Hand axe          |       |       |    61 |       |       |       ||    61
       War axe           |       |       |     1 |    63 |   156 |       ||   220
       Morningstar       |       |       |       |     8 |       |       ||     8
       Scimitar          |       |       |       |     3 |       |       ||     3
       Broad axe         |       |       |       |       |   135 |   374 ||   509
       Glaive            |       |       |       |       |     5 |       ||     5
       Demon trident     |       |       |       |       |       |    79 ||    79
Throw: Stone             |       |       |       |     6 |       |       ||     6
       Dart              |       |       |       |       |     2 |     7 ||     9
 Cast: Freeze            |    24 |    36 |    61 |   187 |   169 |   105 ||   582
       Frozen Ramparts   |       |     2 |    23 |    37 |    46 |    32 ||   140
       Ozocubu's Armour  |       |     1 |    15 |    29 |    32 |    43 ||   120
       Summon Ice Beast  |       |       |       |     5 |     6 |    44 ||    55
       Vampiric Draining |       |       |       |     7 |     3 |    11 ||    21
       Hailstorm         |       |       |       |       |    10 |     2 ||    12
       Stone Arrow       |       |       |       |       |     3 |    23 ||    26
       Bolt of Magma     |       |       |       |       |       |    34 ||    34
Invok: Temporal Distorti |       |       |       |       |     1 |       ||     1
       Slouch            |       |       |       |       |       |     8 ||     8
 Abil: Evoke Flight      |       |       |       |       |     1 |       ||     1
Evoke: Wand              |       |       |       |     2 |     2 |    13 ||    17
       Condenser vane    |       |       |       |       |       |     2 ||     2
       Lightning rod     |       |       |       |       |       |     1 ||     1
  Use: Potion            |       |       |     1 |     3 |     1 |     8 ||    13
       Scroll            |       |       |     1 |     8 |    20 |    13 ||    42
 Stab: Sleeping          |     1 |     1 |     5 |     6 |     7 |    12 ||    32
       Distracted        |       |       |     1 |       |       |     8 ||     9
       Confused          |       |       |       |       |       |     2 ||     2
Armor: Robe              |     2 |     5 |    78 |     7 |       |       ||    92
       Leather armour    |       |       |       |    72 |    63 |       ||   135
       Acid dragon scale |       |       |       |       |    77 |    81 ||   158
       Troll leather arm |       |       |       |       |     6 |       ||     6
       Swamp dragon scal |       |       |       |       |       |    63 ||    63
       Chain mail        |       |       |       |       |       |   166 ||   166
Dodge: Dodged            |     4 |    16 |   224 |   258 |   615 |   678 ||  1795
Block: Buckler           |     1 |    16 |   146 |   183 |   350 |    61 ||   757
       Kite shield       |       |       |       |       |       |   591 ||   591
       Reflection        |       |       |       |       |       |    10 ||    10
       Rpst.: Falchion   |       |       |    13 |       |       |       ||    13
       Scimitar          |       |       |       |     1 |       |       ||     1
